 Dungeon Crawl Stone Soup version 0.20-a0-850-ge5a7832 (webtiles) character file.

105 Duffy the Shield-Bearer (level 5, -1/41 HPs)
             Began as a Formicid Fighter on Mar 10, 2017.
             Succumbed to a scorpion's poison
             ... on level 4 of the Dungeon.
             The game lasted 00:01:12 (1428 turns).

Duffy the Shield-Bearer (Formicid Fighter)          Turns: 1428, Time: 00:01:12

Health: -1/41      AC:  6    Str: 21    XL:     5   Next: 9%
Magic:  5/5        EV:  8    Int:  8    God:
Gold:   61         SH: 10    Dex: 10    Spells: 4/4 levels left

rFire    . . .     SeeInvis +   a - +0 war axe
rCold    . . .     Gourm    +   b - +0 scale mail
rNeg     . . .     Faith    .   c - +0 shield
rPois    .         Spirit   .   (helmet unavailable)
rElec    .         Reflect  .   (no cloak)
rCorr    .         Harm     .   (no gloves)
MR       .....                  (no boots)
Stlth    ..........             l - amulet of the gourmand
Regen    0.2/turn               (no ring)
MPRegen  0.1/turn               (no ring)

@: lethally poisoned (-1 -> -31)
A: permanent stasis, dig shafts and tunnels, four strong arms, antennae 3
a: Dig, Shaft Self


You were on level 4 of the Dungeon.
You were not hungry.

You visited 1 branch of the dungeon, and saw 3 of its levels.

You collected 61 gold pieces.

Inventory:

Hand Weapons
 a - a +0 war axe (weapon)
Armour
 b - a +0 scale mail (worn)
 c - a +0 shield (worn)
Jewellery
 l - an amulet of the gourmand (around neck)
Scrolls
 e - 2 scrolls of identify {unknown}
 h - 3 scrolls of amnesia {unknown}
 j - a scroll of magic mapping {unknown}
Potions
 d - a potion of might
 g - a potion of curing {unknown}
 i - 2 potions of heal wounds {unknown}
 k - a potion of flight {unknown}
 m - a potion of berserk rage {unknown}
Comestibles
 f - a bread ration


   Skills:
 - Level 3.2 Fighting
 + Level 3.6 Axes
 - Level 3.2 Armour
 + Level 5.3 Shields


You had 4 spell levels left.
You didn't know any spells.

Dungeon Overview and Level Annotations

Branches:
Dungeon (2/15)

Altars:


Innate Abilities, Weirdness & Mutations

You cannot be hasted, slowed, berserked, paralysed or teleported.
You can dig through walls and to a lower floor.
Your four strong arms can wield two-handed weapons with a shield.
You have a pair of large antennae on your head. (SInv)


Message History

You are too injured to fight recklessly!
You are too injured to fight recklessly!
You are too injured to fight recklessly!
You are too injured to fight recklessly!
You are too injured to fight recklessly!
You are too injured to fight recklessly!
You are too injured to fight recklessly!
You hit the scorpion.
The scorpion is almost dead.
You feel very sick. You block the scorpion's attack.
The scorpion barely misses you.
You closely miss the scorpion.
The scorpion is almost dead.
You feel very sick. The scorpion stings you.
You hit the scorpion.
You kill the scorpion!
Your Shields skill increases to level 5!
You have reached level 5!
You die...

..... ....#
....... ....#
#...... ....#
#(..... ....#
#...... ....##
#......##
.....####........#
#..........#....%#
##.....## ##@#
##....# #.##
#....## #.#
##.....## ##.#
##.......## #.##
#....<....####.#
...............#
...........###..#
.........### ##..#


There were no monsters in sight!

Vanquished Creatures
  A scorpion (D:4)
  2 adders
  A worm (D:1)
  2 dart slugs (D:1)
  A leopard gecko (D:1)
  3 bats
  4 giant cockroaches
  5 goblins (D:1)
  2 hobgoblins (D:1)
  4 kobolds (D:1)
  A quokka (D:2)
  2 ball pythons (D:1)
  2 frilled lizards (D:1)
  3 rats
33 creatures vanquished.

Notes
Turn   | Place    | Note
-------+----------+-------------------------------------------
     0 | D:1      | Duffy the Formicid Fighter began the quest for the Orb.
     0 | D:1      | Reached XP level 1. HP: 18/18 MP: 1/1
    82 | D:1      | Reached XP level 2. HP: 24/24 MP: 2/2
   107 | D:1      | Reached skill level 4 in Shields
   345 | D:1      | Reached XP level 3. HP: 29/29 MP: 3/3
  1168 | D:2      | Reached XP level 4. HP: 34/35 MP: 4/4
  1180 | D:2      | You fall through a shaft for 2 floors!
  1428 | D:4      | Reached skill level 5 in Shields
  1428 | D:4      | Reached XP level 5. HP: 2/41 MP: 5/5
  1428 | D:4      | Succumbed to a scorpion's poison

Vault maps used:
D:1:      evilmike_arrival_run_for_it, serial_bayou_pond_e
D:2:      fountainhead, uniq_robin

Skill      XL: |  1  2  3  4 |
---------------+-------------+-----
Shields        | 4 5 |  5.3
Axes           | 3 |  3.6
Fighting       | |  3.2
Armour         | |  3.2

Action                   |  1- 3 |  4- 6 || total
-------------------------+-------+-------++-------
Melee: War axe           |   119 |    14 ||   133
  Eat: Chunk             |     6 |       ||     6
Armor: Scale mail        |    59 |     3 ||    62
Dodge: Dodged            |    49 |     5 ||    54
Block: Shield            |    79 |     6 ||    85
